 Dungeon Crawl Stone Soup version 0.27.1-2-g3b301248ec (webtiles) character file.

Game seed: 4193095956931668320

3603 DearestLeader the Destroyer (level 10, -6/56 HPs)
             Began as an Octopode Conjurer on Oct 4, 2021.
             Was a Believer of Ru.
             Mangled by a centaur warrior (15 damage)
             ... on level 8 of the Dungeon.
             The game lasted 00:18:43 (10155 turns).

DearestLeader the Destroyer (Octopode Conjurer)    Turns: 10155, Time: 00:18:44

Health: -6/56      AC:  1    Str:  6    XL:     10   Next: 10%
Magic:  12/17      EV: 15    Int: 21    God:    Ru [**....]
Gold:   423        SH:  0    Dex: 14    Spells: 12/19 levels left

rFire    + . .     SeeInvis .   A - +4 short sword (freeze)
rCold    . . .     Faith    .   (no shield)
rNeg     . . .     Spirit   .   (helmet restricted)
rPois    .         Reflect  .   C - amulet of magic regeneration
rElec    .         Harm     .   a - +4 ring of slaying
rCorr    .         Rampage  .   F - ring of protection from fire
Will     .....                  (no ring)
Stlth    ++++......             (no ring)
HPRegen  0.18/turn              (no ring)
MPRegen  0.40/turn              (no ring)
                                (no ring)
                                (no ring)

@: no status effects
A: almost no armour, amphibious, 8 rings, camouflage 1, gelatinous body 1,
inability to use devices, (nimble swimmer 1), tentacles
a: Renounce Religion


You were on level 8 of the Dungeon.
You worshipped Ru.
Ru was pleased with you.
You visited 2 branches of the dungeon, and saw 9 of its levels.
You also visited: Ossuary.

You collected 459 gold pieces.
You spent 36 gold pieces at shops.

Inventory:

Hand Weapons
 A - a +4 short sword of freezing (weapon)
 H - a +0 hand crossbow
Missiles
 u - 6 javelins
 B - 38 poisoned darts (quivered)
 I - 16 bolts
Magical Staves
 v - a staff of fire
Jewellery
 a - a +4 ring of slaying (left tentacle)
 i - an amulet of faith
 C - an amulet of magic regeneration (around mantle)
 F - a ring of protection from fire (right tentacle)
 J - a ring of ice
Scrolls
 b - 2 scrolls of enchant weapon {unknown}
 d - 2 scrolls of holy word
 e - a scroll of vulnerability {unknown}
 j - 7 scrolls of teleportation
 k - a scroll of torment {unknown}
 m - 7 scrolls of identify
 n - 3 scrolls of enchant armour
 o - a scroll of amnesia {unknown}
 t - a scroll of blinking {unknown}
 x - 2 scrolls of magic mapping {unknown}
 y - 4 scrolls of immolation {unknown}
 K - a scroll of silence {unknown}
Potions
 c - 4 potions of heal wounds {unknown}
 f - 5 potions of curing
 g - 2 potions of cancellation
 h - a potion of degeneration {unknown}
 l - 2 potions of berserk rage {unknown}
 p - 3 potions of haste {unknown}
 q - a potion of mutation {unknown}
 r - 2 potions of resistance {unknown}
 s - 2 potions of brilliance {unknown}
 w - 2 potions of might {unknown}
 z - a potion of attraction {unknown}
 D - 2 potions of flight {unknown}
 E - a potion of magic {unknown}
 G - a potion of lignification {unknown}


   Skills:
 - Level 6.0 Dodging
 - Level 5.0 Stealth
 - Level 5.0 Spellcasting
 * Level 11.4 Conjurations
 + Level 3.8 Hexes


You had 12 spell levels left.
You knew the following spells:

 Your Spells              Type           Power      Damage    Failure   Level
a - Magic Dart            Conj           100%       1d8       1%          1
b - Searing Ray           Conj           100%       3d7       1%          2
c - Fulminant Prism       Conj/Hex       18%        3d11      4%          4

Your spell library contained the following spells:

 Spells                   Type           Power      Damage    Failure   Level
 Dazzling Flash           Conj/Hex       74%        N/A       1%          3
 Corona                   Hex            23%        N/A       2%          1
 Tukima's Dance           Hex            21%        N/A       7%          3
 Ensorcelled Hibernation  Hex/Ice        26%        N/A       8%          2
 Iskenderun's Mystic Bla  Conj/Tloc      29%        2d7       11%         4
 Starburst                Conj/Fire      14%        6d6       85%         6


Dungeon Overview and Level Annotations

Branches:
Dungeon (8/15)             Temple (1/1) D:5         Ossuary (visited)
   Lair: D:8-11

Altars:
Ashenzari
Dithmenos
Elyvilon
Fedhas
Hepliaklqana
Kikubaaqudgha
Makhleb
Qazlal
Ru
Sif Muna
Trog
Vehumet
Yredelemnul
The Shining One

Shops:
D:3 =([?

Annotations:
D:5 1 runed translucent door, IPicuous's ghost, amateur TrCK
D:7 exclusion: statue


Innate Abilities, Weirdness & Mutations

You cannot wear most types of armour.
You are amphibious.
You can wear up to eight rings at the same time.
Your skin changes colour to match your surroundings (Stealth+).
Your rubbery body absorbs attacks. (AC +1, EV +1)
You cannot study or use magical devices.
((You are camouflaged near water. (Stealth+)))
You have tentacles for arms and can constrict up to eight enemies at once.


Message History

The searing ray hits the centaur warrior.
The centaur warrior is lightly wounded. (Press . to maintain the ray.)
You constrict the kobold demonologist, but do no damage.
You redirect the centaur warrior's attack!
The centaur warrior wields a +0 shortbow.
The centaur warrior shoots an arrow.
The arrow hits the kobold demonologist!!
The kobold demonologist dies!
The centaur warrior shoots an arrow.
The arrow hits you!
The searing ray hits the centaur warrior!
The centaur warrior is moderately wounded.
The centaur warrior shoots an arrow.
The arrow closely misses you.
A nearby plant withers and dies.
The centaur warrior unwields a +0 shortbow.
The centaur warrior misses you. The centaur warrior kicks you.
Things that are here:
a +0 dagger; a +0 robe; a kobold corpse
Casting: Searing Ray (safe; 1% risk of failure)
Confirm with . or Enter, or press ? or * to list all spells.
Aiming: Searing Ray (safe; 1% risk of failure)
Press: ? - help, Shift-Dir - straight line, f/p - centaur warrior
Aim: a centaur warrior, quivering arrows (moderately wounded, 87% to hit)
The searing ray hits the centaur warrior!
The centaur warrior is heavily wounded. (Press . to maintain the ray.)
The centaur warrior completely misses you.
The centaur warrior kicks you. The centaur warrior hits you!
The centaur warrior barely misses you.
The searing ray hits the centaur warrior.
The centaur warrior is severely wounded.
The centaur warrior hits you!
* * * LOW HITPOINT WARNING * * *
The centaur warrior kicks you.
* * * LOW HITPOINT WARNING * * *
Unknown command.
The searing ray hits the centaur warrior!
The centaur warrior is almost dead.
The centaur warrior hits you!
You die...

.........[....###########
......######............#
......# ###.########..
....... #.# ##.
.##....#######.#########.
.....[..†................
##S#######.##.##.........
#P..c.#.#....###..#)#.
#.#+#@#..##.#..)....#.
#.#$#.#.####...#)####.
#.###.#..###.##.#.#)#. #
#P...P#...####÷##..##.
....###'###.###........#..
............#..#[...####..
....#.###.##)##.#..####.#.
.. ..# ##...#..#.#........
...# #..#####.#.##.###..


You could see a centaur warrior.

Vanquished Creatures
  A cyclops (D:8)
  A kobold demonologist (D:8)
  Sigmund (D:3)
  A steam dragon (D:7)
  A water moccasin (D:8)
  A sky beast (D:8)
  A necrophage (D:7)
  A phantom (D:5)
  A kobold brigand (D:8)
  4 bullfrogs (D:7)
  A gnoll sergeant (D:7)
  5 scorpions
  2 water moccasin zombies (Ossuary)
  A water moccasin skeleton (D:4)
  7 killer bees (D:7)
  5 wights (D:6)
  A howler monkey (D:6)
  2 centaur zombies
  3 hounds
  2 gnoll shamans
  A centaur skeleton (D:7)
  8 iguanas
  A bullfrog skeleton (D:6)
  Terence (D:2)
  2 hound skeletons (D:4)
  2 mummies (Ossuary)
  9 gnolls
  A howler monkey skeleton (D:7)
  4 adders
  A white imp (D:8)
  5 adder zombies (Ossuary)
  An adder skeleton (D:4)
  A worm (D:4)
  3 dart slugs
  7 orcs
  6 bats
  14 endoplasms
  5 giant cockroaches
  4 gnoll zombies (Ossuary)
  5 goblins
  7 hobgoblins
  10 jackals
  11 ball pythons
  7 frilled lizards
  6 hobgoblin zombies (Ossuary)
  12 kobolds
  3 kobold zombies (Ossuary)
  7 orc zombies (Ossuary)
  2 rats (D:1)
188 creatures vanquished.

Vanquished Creatures (others)
  A kobold demonologist (D:8)
  A kobold (D:8)
  3 fulminant prisms
  4 plants (D:8)
9 creatures vanquished.

Grand Total: 197 creatures vanquished

Notes
Turn   | Place    | Note
-------+----------+-------------------------------------------
     0 | D:1      | DearestLeader the Octopode Conjurer began the quest for the
                  | Orb.
     0 | D:1      | Reached XP level 1. HP: 11/11 MP: 3/3
   330 | D:1      | Reached XP level 2. HP: 17/17 MP: 3/5
   361 | D:1      | Learned a level 2 spell: Searing Ray
   883 | D:1      | Reached XP level 3. HP: 21/21 MP: 6/6
  1211 | D:2      | Found a faded altar of an unknown god.
  1211 | D:2      | Noticed an eye of devastation
  1213 | D:2      | Noticed Terence
  1579 | D:2      | Reached skill level 5 in Conjurations
  1705 | D:2      | Found a white marble altar of Elyvilon.
  1954 | D:2      | Reached XP level 4. HP: 27/27 MP: 2/7
  2055 | D:2      | Killed Terence
  2177 | D:2      | Noticed a floating eye
  2181 | D:2      | Noticed a golden eye
  2181 | D:2      | Noticed an eye of devastation
  2840 | D:3      | Found Quozug's Magic Scroll Shop.
  2843 | D:3      | Bought a scroll of teleportation for 36 gold pieces
  2890 | D:3      | Noticed Sigmund
  2895 | D:3      | Killed Sigmund
  2896 | D:3      | Reached skill level 5 in Stealth
  2896 | D:3      | Reached skill level 6 in Conjurations
  2896 | D:3      | Reached XP level 5. HP: 31/31 MP: 4/8
  2896 | D:3      | Reached XP level 6. HP: 36/36 MP: 4/9
  2947 | D:3      | Found Vuog's Armour Shoppe.
  3240 | D:3      | Found Zydiusov's Antique Weapon Shop.
  3249 | D:3      | Found Acuc's Weapon Shop.
  3530 | D:3      | Found Iqetuutz's Jewellery Shop.
  4247 | D:4      | Found a sand-covered staircase.
  4257 | D:4      | Reached skill level 7 in Conjurations
  4268 | Ossuary  | Entered an ossuary
  4665 | Ossuary  | Reached XP level 7. HP: 34/41 MP: 5/10
  4805 | Ossuary  | Learned a level 4 spell: Fulminant Prism
  5840 | D:5      | Entered Level 5 of the Dungeon
  6119 | D:5      | Found a staircase to the Ecumenical Temple.
  6130 | Temple   | Entered the Ecumenical Temple
  6272 | Temple   | Became a worshipper of Ru the Awakened
  6293 | D:5      | Reached skill level 8 in Conjurations
  6693 | D:5      | Found a runed translucent door.
  6730 | D:5      | Noticed IPicuous's ghost (amateur TrCK)
  7065 | D:5      | Reached XP level 8. HP: 46/46 MP: 5/11
  7397 | D:6      | Reached skill level 9 in Conjurations
  7622 | D:6      | Reached skill level 5 in Dodging
  8293 | D:7      | Gained mutation: You cannot study or use magical devices.
                  | [Ru sacrifice]
  8293 | D:7      | Reached * piety under Ru
  8293 | D:7      | Reached ** piety under Ru
  8376 | D:7      | Reached XP level 9. HP: 47/51 MP: 14/14
  8477 | D:7      | Reached skill level 10 in Conjurations
  8846 | D:7      | Reached skill level 1 in Hexes
  9049 | D:7      | Noticed a boulder beetle
  9520 | D:7      | Found a radiant altar of Vehumet.
  9872 | D:8      | Noticed a cyclops
  9884 | D:8      | Killed a cyclops
  9885 | D:8      | Reached skill level 5 in Spellcasting
  9885 | D:8      | Reached skill level 11 in Conjurations
 10110 | D:8      | Noticed a kobold demonologist
 10111 | D:8      | Noticed a seven-headed hydra
 10119 | D:8      | Killed a kobold demonologist
 10120 | D:8      | Reached XP level 10. HP: 53/56 MP: 14/17
 10143 | D:8      | Noticed a centaur warrior
 10143 | D:8      | Noticed a kobold demonologist
 10150 | D:8      | Killed a kobold demonologist
 10155 | D:8      | Mangled by a centaur warrior

Illustrated notes

Levels and vault maps discovered:
D:1:      dpeg_arrival_simpleton_b, layout_loops_ring
D:2:      layout_loops_ring, basic_altar,
          hellmonk_ecumenical_altar_watching_god, uniq_terence
D:3:      layout_loops_corners, serial_shops, shop, shop, shop_coins, shop,
          nicolae_shop_behind_doors, minmay_quadrilaterals, uniq_sigmund
D:4:      layout_loops_corners, nicolae_ossuary_entry_ruins,
          minmay_curled_crystal
D:5:      layout_gridville, minmay_temple_entry_statues_pillars,
          ebering_ghost_reflecting_pool, bh_walls_and_bars
D:6:      layout_cave_pools
D:7:      minmay_slanted_spiral_squares, layout_basic, vehumet_statue
D:8:      layout_rooms, grunt_ministairs_13, minmay_shattered_shrine
Temple:   roderic_octagonal_lattice_temple

Skill      XL: |  1  2  3  4  5  6  7  8  9 |
---------------+----------------------------+-----
Stealth        | 3 4 5 |  5.0
Conjurations   | 5 6 7 8 9 11 | 11.4
Dodging        | 4 5 6 |  6.0
Spellcasting   | 3 5 |  5.0
Hexes          | 3 |  3.8

Action                   |  1- 3 |  4- 6 |  7- 9 | 10-12 || total
-------------------------+-------+-------+-------+-------++-------
Melee: Unarmed           |    13 |       |       |       ||    13
       Constrict         |    16 |    21 |    40 |     1 ||    78
       Tentacles         |     6 |    11 |    21 |     1 ||    39
       Whip              |    22 |       |       |       ||    22
       Dagger            |    29 |    96 |    97 |       ||   222
       Short sword       |       |       |    40 |     2 ||    42
 Cast: Magic Dart        |    21 |     1 |     7 |       ||    29
       Searing Ray       |     2 |     9 |    37 |     2 ||    50
       Fulminant Prism   |       |       |     3 |       ||     3
Invok: Sacrifice Artific |       |       |     1 |       ||     1
  Use: Scroll            |       |     5 |       |       ||     5
 Stab: Sleeping          |     9 |    18 |    13 |       ||    40
       Distracted        |       |       |     1 |       ||     1
Armor: Skin              |     3 |     4 |    11 |       ||    18
Dodge: Dodged            |    37 |    51 |   126 |     7 ||   221
